 Dungeon Crawl Stone Soup version 0.29-a0-359-g541a27f54d (webtiles) character file.

Game seed: 3813949492131920521

815 Morbidden the Grave Robber (level 7, -10/60 HPs)
             Began as a Deep Dwarf Necromancer on Apr 27, 2022.
             Was an Initiate of Makhleb.
             Mangled by an ogre
             ... wielding a +0 giant club
              (25 damage)
             ... on level 5 of the Dungeon.
             The game lasted 00:07:39 (5299 turns).

Morbidden the Grave Robber (Deep Dwarf Necromancer) Turns: 5299, Time: 00:07:40

Health: -10/60     AC:  3    Str: 12    XL:     7   Next: 62%
Magic:  7/13       EV: 13    Int: 17    God:    Makhleb [......]
Gold:   238        SH:  0    Dex: 13    Spells: 11/15 levels left

rFire   . . .      SeeInvis .   a - +1 dagger (elec)
rCold   . . .      Faith    .   (no shield)
rNeg    . . .      Spirit   .   q - +0 robe
rPois   .          Reflect  .   (no helmet)
rElec   .          Harm     .   (no cloak)
rCorr   .          Rampage  .   (no gloves)
Will    +....                   d - +0 pair of boots
Stlth   ++........              (no amulet)
HPRegen 0.00/turn               (no ring)
MPRegen 0.13/turn               (no ring)

@: lethally poisoned (-10 -> -10)
A: damage resistance, heal wounds, sense surroundings 1, no regeneration
a: Heal Wounds, Renounce Religion


You were on level 5 of the Dungeon.
You worshipped Makhleb.
Makhleb was noncommittal.
You visited 2 branches of the dungeon, and saw 6 of its levels.

You collected 238 gold pieces.

Inventory:

Hand Weapons
 a - a +1 dagger of electrocution (weapon)
 s - a +1 short sword of venom
Missiles
 k - 4 boomerangs
 o - 2 silver javelins
Armour
 d - a +0 pair of boots (worn)
 q - a +0 robe (worn)
Wands
 m - a wand of flame (18)
Scrolls
 c - a scroll of fog {unknown}
 g - a scroll of summoning {unknown}
 h - 2 scrolls of identify
 i - a scroll of magic mapping {unknown}
 j - a scroll of enchant armour {unknown}
 p - a scroll of teleportation {unknown}
 r - 2 scrolls of amnesia {unknown}
Potions
 e - a potion of resistance {unknown}
 f - a potion of curing
 l - a potion of cancellation {unknown}
 n - a potion of heal wounds {unknown}


   Skills:
 * Level 2.2 Fighting
 + Level 1.1 Short Blades
 * Level 3.5 Dodging
 + Level 3.3 Stealth
 * Level 4.6 Spellcasting
 * Level 7.1 Necromancy


You had 11 spell levels left.
You knew the following spells:

 Your Spells              Type           Power      Damage    Failure   Level
a - Pain                  Necr           100%       1d9       1%          1
b - Vampiric Draining     Necr           28%        2d8       2%          3

Your spell library contained the following spells:

 Spells                   Type           Power      Damage    Failure   Level
 Animate Skeleton         Necr           56%        N/A       1%          1
 Animate Dead             Necr           14%        N/A       8%          4
 Agony                    Necr           28%        N/A       22%         5
 Dazzling Flash           Conj/Hex       6%         N/A       41%         3
 Silence                  Hex/Air        1%         N/A       99%         5


Dungeon Overview and Level Annotations

Branches:
Dungeon (5/15)             Temple (1/1) D:4

Altars:
Ashenzari
Cheibriados
Dithmenos
Elyvilon
Fedhas
Gozag
Kikubaaqudgha
Makhleb
Nemelex Xobeh
Okawaru
Sif Muna
Trog
Uskayaw
Vehumet
Xom
The Shining One

Shops:
D:3 [


Innate Abilities, Weirdness & Mutations

You are resistant to damage.
You can heal yourself by infusing magical energy.
You passively map a small area around you.
You do not regenerate.


Message History

f - 2 potions of curing The black bear bites you.
* * * LOW HITPOINT WARNING * * *
The black bear claws you. x2; The scorpion stings you.
* * * LOW HITPOINT WARNING * * *
You are more poisoned.
The scorpion poisons you!
You feel better. The scorpion stings you.
* * * LOW HITPOINT WARNING * * *
You are poisoned.
The scorpion poisons you! The black bear bites you.
* * * LOW HITPOINT WARNING * * *
The black bear claws you. The black bear misses you.
Unknown command.
Unknown command.
Magic courses through your body.
The scorpion stings you but does no damage.
The black bear barely misses you. x2
The black bear claws you but does no damage.
The ogre closely misses you.
Unknown command.
Unknown command.
Casting: Vampiric Draining (dangerous; 2% risk of failure)
Confirm with . or Enter, or press ? or * to list all spells.
Aiming: Vampiric Draining (dangerous; 2% risk of failure)
Press: ? - help, Shift-Dir - straight line, f - ogre, p - scorpion
Aim: an ogre, wielding a +0 giant club You draw life force from the ogre!
You feel life coursing into your body. The scorpion completely misses you.
The black bear bites you.
* * * LOW HITPOINT WARNING * * *
The black bear claws you but does no damage. x2
Casting: Vampiric Draining (dangerous; 2% risk of failure)
Confirm with . or Enter, or press ? or * to list all spells.
Aiming: Vampiric Draining (dangerous; 2% risk of failure)
Press: ? - help, Shift-Dir - straight line, f/p - ogre
Aim: an ogre, wielding a +0 giant club (moderately wounded)
You draw life force from the ogre!
You feel life coursing into your body. The scorpion barely misses you.
The ogre hits you with a +0 giant club!!
You die...

###. * * * , , .....# ,,
, ,, .)....#* , *
.......#######.###
.............# .... , ,
.............#####..####
,
........................
......s......#########..
, .......@h....# ##.
.......)O....# #< **
...?....$....# ##
###..........#
#..........#
############


You could see a black bear, an ogre and a scorpion.

Vanquished Creatures
  Grinder (D:4)
  An ice beast (D:4)
  A phantom (D:4)
  A jelly (D:3)
  A hound (D:4)
  3 orc priests
  4 orc wizards
  10 adders
  A worm (D:2)
  13 orcs
  8 ball pythons
  4 bats
  6 endoplasms
  6 giant cockroaches
  5 goblins
  2 hobgoblins
  2 jackals (D:2)
  3 quokkas
  7 frilled lizards
  7 kobolds
  7 rats
93 creatures vanquished.

Vanquished Creatures (others)
  An orc wizard (D:3)
1 creature vanquished.

Grand Total: 94 creatures vanquished

Notes
Turn   | Place    | Note
-------+----------+-------------------------------------------
     0 | D:1      | Morbidden the Deep Dwarf Necromancer began the quest for
                  | the Orb.
     0 | D:1      | Reached XP level 1. HP: 15/15 MP: 3/3
   226 | D:1      | Found a faded altar of an unknown god.
   290 | D:1      | Reached XP level 2. HP: 22/22 MP: 1/4
   726 | D:1      | Reached skill level 5 in Necromancy
  1478 | D:2      | Reached XP level 3. HP: 14/28 MP: 4/6
  1516 | D:1      | Learned a level 3 spell: Vampiric Draining
  2180 | D:3      | Found Noniet's Armour Boutique.
  2278 | D:3      | Reached XP level 4. HP: 19/37 MP: 1/7
  2626 | D:3      | Reached skill level 1 in Fighting
  2626 | D:3      | Reached XP level 5. HP: 22/44 MP: 1/9
  3271 | D:3      | Reached skill level 6 in Necromancy
  3468 | D:3      | Reached XP level 6. HP: 50/51 MP: 8/11
  3708 | D:3      | Found a shimmering altar of Xom.
  3712 | D:3      | Found a white marble altar of Elyvilon.
  3714 | D:3      | Found a shimmering blue altar of Sif Muna.
  3746 | D:3      | Found a glowing golden altar of the Shining One.
  4002 | D:4      | Noticed Grinder
  4016 | D:4      | Killed Grinder
  4018 | D:4      | Found a staircase to the Ecumenical Temple.
  4027 | Temple   | Entered the Ecumenical Temple
  4167 | Temple   | Became a worshipper of Makhleb the Destroyer
  4399 | D:4      | Reached XP level 7. HP: 43/58 MP: 3/13
  4531 | D:4      | Reached skill level 1 in Short Blades
  5015 | D:4      | Reached skill level 7 in Necromancy
  5261 | D:5      | Entered Level 5 of the Dungeon
  5299 | D:5      | Mangled by an ogre

Illustrated notes

Levels and vault maps discovered:
D:1:      minmay_arrival_shattered_statue, layout_basic,
          ebering_ecumenical_altar_rust
D:2:      layout_rooms, serial_forest, infiniplex_forest_clump_small,
          infiniplex_forest_clump_medium, infiniplex_forest_straight_5,
          infiniplex_forest_end_1, infiniplex_forest_fountain,
          infiniplex_forest_straight_3, chequers_mini_garden,
          wander_ebering_terrifying_dragon_lair
D:3:      layout_loops_cross, minitemple, serial_shops, shop,
          minmay_misc_feat_nine_boxes, st_stairs_2, minmay_snake_closets
D:4:      layout_loops_ring, minmay_temple_entry_tees,
          dreamdust_princess_bridge, uniq_grinder
D:5:      layout_rooms, minmay_misc_feat_room
Temple:   dpeg_five_rooms_temple

Skill      XL: |  1  2  3  4  5  6  7 |
---------------+----------------------+-----
Necromancy     | 5 6 7 |  7.1
Spellcasting   | 2 3 4 |  4.6
Fighting       | 1 2 |  2.2
Dodging        | 3 |  3.5
Stealth        | 3 |  3.3
Short Blades   | 1 |  1.1

Action                   |  1- 3 |  4- 6 |  7- 9 || total
-------------------------+-------+-------+-------++-------
Melee: Unarmed           |    23 |       |       ||    23
       Short sword       |     7 |    48 |    54 ||   109
       Dagger            |       |       |     3 ||     3
       Punch             |       |       |     1 ||     1
 Cast: Pain              |    63 |    15 |     2 ||    80
       Vampiric Draining |     5 |    28 |    22 ||    55
  Use: Potion            |       |       |     3 ||     3
       Scroll            |       |       |     1 ||     1
 Stab: Sleeping          |       |     5 |     1 ||     6
Armor: Robe              |     7 |    11 |    20 ||    38
Dodge: Dodged            |    20 |    49 |    48 ||   117

Table legend: (Time is in decaauts)
 A = Elapsed time spent in this place.
 B = Non-inter-level travel time spent in this place.
 C = Inter-level travel time spent in this place.
 D = Time resting spent in this place.
 E = Time spent auto-exploring this place.
 F = Levels seen in this place.
 G = Mean time per level.
                   A        B        C        D        E       F      G
               +--------+--------+--------+--------+--------+-----+--------+
         Total |   5307 |   5071 |    236 |    448 |   3955 |   6 |  884.5 |
       Dungeon |   5116 |   4958 |    158 |    448 |   3850 |   5 | 1023.2 |
        Temple |    190 |    112 |     78 |      0 |    105 |   1 |  190.0 |
               +--------+--------+--------+--------+--------+-----+--------+

Top non-repeatable levels by time:
     D:3: 1867 daAuts
     D:2: 1110 daAuts
     D:4: 1087 daAuts
     D:1: 1028 daAuts
  Temple: 190 daAuts
     D:5: 23 daAuts
